AoeStats
← Evan Mason

Black Forest

508192285Analyzed
4v4 RM · 12d ago on Sep 21, 2026· 21m 22s· 8 players
Game mode
Random Map
Map size
Large (8 player)
Population
200
Speed
Normal
Resources
Standard
Victory
Conquest
Starting age
Dark Age
Ending age
Imperial Age
RankedLock teamsTeams togetherTeam positionsShared explorationLock speedFull tech treeHidden civsTurbo modeCheats
Victory
Defeat
🇦🇺 Malay · Australia
811
+13
🇳🇿 Vietnamese · New Zealand
695
+17
🇬🇧 Ethiopians · United Kingdom
664
+19
🇨🇳 Bohemians · China
584
+22
🇨🇳 Turks · China
826
-22
🇩🇪 Britons · Germany
755
-19
🇩🇪 Khmer · Germany
714
-17
🇺🇸 Portuguese · United States
607
-13
xSlipperyx
0:27 Loom
14:10 Feudal Age
15:29 Wheelbarrow
14:43 Horse Collar
14:52 Double-Bit Axe
Evan Mason
8:21 Loom
10:55 Feudal Age
11:22 Horse Collar
20:40 Castle Age
19:03 Double-Bit Axe
Dean Filmore
0:27 Loom
16:16 Feudal Age
20:33 Castle Age
19:01 Double-Bit Axe
18:58 Horse Collar
Cow
1:06 Loom
11:35 Feudal Age
14:38 Double-Bit Axe
15:52 Fletching
18:53 Horse Collar
20:32 Padded Archer Armor
22:55 Castle Age
YellowyGnu8986
1:15 Loom
12:27 Feudal Age
16:37 Castle Age
15:56 Wheelbarrow
15:28 Double-Bit Axe
16:13 Horse Collar
17:41 Bow Saw
18:13 Heavy Plow
18:25 Stone Mining
John Cena
0:29 Loom
18:50 Feudal Age
23:30 Castle Age
shakerL
0:43 Loom
julian_venom
13:29 Feudal Age
13:53 Loom
13:51 Horse Collar
17:54 Double-Bit Axe
18:23 Gold Mining
19:34 Wheelbarrow
Connection lost

Rejoining the realm…

Still unreachable

The connection could not be restored.

Session expired

The server has moved on; the page needs a fresh start.